 Dungeon Sprint DCSS version 0.27.1-1-g398f81649c (webtiles) character file.

Game seed: 15616239653897891905

763 styxcanada the Unseen (level 7, 0/38 HPs)
             Began as a Spriggan Brigand on Sept 20, 2021.
             Was an Initiate of Gozag.
             Killed from afar by a burning bush (6 damage)
             ... with a puff of flame
             ... in the Dungeon (Sprint IV: "Fedhas' Mad Dash").
             The game lasted 00:05:25 (736 turns).

styxcanada the Unseen (Spriggan Brigand)             Turns: 736, Time: 00:05:26

Health: 0/38       AC:  3    Str: 14    XL:     7   Next: 51%
Magic:  8/8        EV: 21    Int:  9    God:    Gozag
Gold:   48         SH:  7    Dex: 18    Spells: 6/6 levels left

rFire    + . .     SeeInvis +   a - +2 dagger
rCold    x . .     Faith    .   d - +0 buckler
rNeg     . . .     Spirit   .   b - +0 robe
rPois    +         Reflect  .   (helmet restricted)
rElec    .         Harm     .   c - +0 cloak
rCorr    .         Rampage  .   (gloves unavailable)
Will     +....     NoTele   +   (boots unavailable)
Stlth    +++++++...             j - amulet of invisibility {+Inv}
HPRegen  0.12/turn              o - ring "Qelyubau" {Fire rPois Str+7 Int-4}
MPRegen  0.11/turn              (no ring)

@: very quick
A: very small, no large weapons, unfitting armour, see invisible, speed 3
a: Renounce Religion, Evoke Invisibility, Potion Petition, Call Merchant, Bribe
Branch


You were in the Dungeon.
You worshipped Gozag.
Gozag was noncommittal.
You visited 1 branch You collected 558 gold pieces.
You spent 510 gold pieces at shops.

Inventory:

Hand Weapons
 a - a +2 dagger (weapon)
Missiles
 e - 2 curare-tipped darts
 n - 6 poisoned darts (quivered)
Armour
 b - a +0 robe (worn)
 c - a +0 cloak (worn)
 d - a +0 buckler (worn)
Jewellery
 j - the amulet of invisibility (around neck) {+Inv}
   (You found it in the Dungeon)

   [amulet of nothing]

   +Inv:      It lets you turn invisible.
 l - an amulet of faith
 o - the ring "Qelyubau" (left hand) {Fire rPois Str+7 Int-4}
   (You bought it in a shop in the Dungeon)

   [ring of fire]

   It enhances your fire magic.
   Str:       It affects your strength (+7).
   Int:       It affects your intelligence (-4).
   rF:        It protects you from fire.
   rC:        It makes you vulnerable to cold.
   rPois:     It protects you from poison.
Scrolls
 k - a scroll of blinking
 m - a scroll of fear {unknown}
Potions
 f - 2 potions of curing
 h - a potion of haste
 i - 2 potions of magic


   Skills:
 * Level 4.6 Fighting
 + Level 4.8 Short Blades
 + Level 4.7 Throwing
 * Level 7.3 Dodging
 * Level 17.8 Stealth
 * Level 2.7 Shields
 * Level 6.1 Evocations


You had 6 spell levels left.
You didn't know any spells.
Your spell library was empty.

Dungeon Overview and Level Annotations

Branches:
Dungeon (1/1)

Altars:
Cheibriados
Dithmenos
Elyvilon
Gozag
Hepliaklqana
Kikubaaqudgha
Makhleb
Nemelex Xobeh
Okawaru
Qazlal
Ru
Sif Muna
Trog
Uskayaw
Vehumet
Wu Jian
Xom
Yredelemnul
Zin
The Shining One
Beogh
Jiyva
Lugonu

Shops:
D ==


Innate Abilities, Weirdness & Mutations

You are very small and have problems with some larger weapons.
You are too small for most types of armour.
You have supernaturally acute eyesight. (SInv)
You cover ground extremely quickly. (Speed+++)


Message History

You hit the burning bush but do no damage.
The burning bush is almost destroyed.
The burning bush throws fire at you. The puff of flame misses you.
You hit the burning bush but do no damage.
The burning bush is severely damaged.
The burning bush throws fire at you. The puff of flame hits you. You resist.
* * * LOW HITPOINT WARNING * * *
You hit the burning bush but do no damage.
The burning bush is severely damaged.
You hit the burning bush.
The burning bush is almost destroyed.
The burning bush throws fire at you. The puff of flame misses you.
You hit the burning bush.
The burning bush is almost destroyed.
You hit the burning bush but do no damage.
The burning bush is almost destroyed.
You hit the burning bush but do no damage.
The burning bush is almost destroyed.
You hit the burning bush but do no damage.
The burning bush is almost destroyed.
You hit the burning bush but do no damage.
The burning bush is almost destroyed.
You hit the burning bush but do no damage.
The burning bush is almost destroyed.
Unknown command.
You hit the burning bush but do no damage.
The burning bush is almost destroyed.
You hit the burning bush but do no damage.
The burning bush is almost destroyed.
You hit the burning bush but do no damage.
The burning bush is almost destroyed.
You hit the burning bush but do no damage.
The burning bush is almost destroyed.
The burning bush throws fire at you. The puff of flame hits you. You resist.
You die...
Your body crumbles into a pile of gold.

###################
_._.⌠.#..'...#....#
._._..'..#...#..@P+
_._...#..###'##...#
$$
._._..#..##∩∩.'...#
_._.⌠.#############
####### $ $ $


You could see a burning bush.

Vanquished Creatures
  2 wandering mushrooms (D)
  3 scorpions (D)
  3 oklob saplings (D)
  2 spriggans (D)
  A river rat (D)
  A rat (D)
12 creatures vanquished.

Notes
Turn   | Place    | Note
-------+----------+-------------------------------------------
     0 | D        | styxcanada the Spriggan Brigand began the quest for the
                  | Orb.
     0 | D        | Reached XP level 1. HP: 10/10 MP: 2/2
     9 | D        | Reached skill level 8 in Stealth
     9 | D        | Reached XP level 2. HP: 15/15 MP: 3/3
    15 | D        | Noticed an oklob sapling
    20 | D        | Killed an oklob sapling
    21 | D        | Reached skill level 10 in Stealth
    21 | D        | Reached XP level 3. HP: 2/18 MP: 4/4
   284 | D        | Noticed a scorpion
   284 | D        | Found the amulet of invisibility {+Inv}
   286 | D        | Killed a scorpion
   287 | D        | Reached skill level 12 in Stealth
   287 | D        | Reached XP level 4. HP: 23/23 MP: 5/5
   309 | D        | Found an opulent altar of Gozag.
   309 | D        | Found a hazy altar of Hepliaklqana.
   309 | D        | Found a burning altar of Makhleb.
   309 | D        | Found a sparkling altar of Nemelex Xobeh.
   309 | D        | Found a snail-covered altar of Cheibriados.
   309 | D        | Found a sacrificial altar of Ru.
   309 | D        | Found a shimmering blue altar of Sif Muna.
   309 | D        | Found a shimmering altar of Xom.
   309 | D        | Found a basalt altar of Yredelemnul.
   310 | D        | Found a viscous altar of Jiyva.
   310 | D        | Found a bloodstained altar of Trog.
   310 | D        | Found an ornate altar of the Wu Jian Council.
   311 | D        | Found an iron altar of Okawaru.
   311 | D        | Found a shadowy altar of Dithmenos.
   311 | D        | Found a glowing silver altar of Zin.
   312 | D        | Found an ancient bone altar of Kikubaaqudgha.
   312 | D        | Found a hide-covered altar of Uskayaw.
   313 | D        | Found a stormy altar of Qazlal.
   313 | D        | Found a white marble altar of Elyvilon.
   313 | D        | Found a glowing golden altar of the Shining One.
   314 | D        | Became a worshipper of Gozag Ym Sagoz the Greedy
   315 | D        | Found a corrupted altar of Lugonu.
   315 | D        | Found a radiant altar of Vehumet.
   320 | D        | Reached skill level 13 in Stealth
   320 | D        | Reached skill level 1 in Evocations
   320 | D        | Reached XP level 5. HP: 28/28 MP: 3/6
   367 | D        | Reached skill level 14 in Stealth
   420 | D        | Reached skill level 5 in Dodging
   457 | D        | Reached skill level 15 in Stealth
   457 | D        | Reached XP level 6. HP: 24/33 MP: 7/7
   489 | D        | Found Atwameo's Jewellery Shop.
   490 | D        | Found Wuuno's Jewellery Emporium.
   499 | D        | Noticed a burning bush
   499 | D        | Noticed a wandering mushroom
   500 | D        | Noticed a wandering mushroom
   504 | D        | Killed a wandering mushroom
   505 | D        | Reached skill level 16 in Stealth
   505 | D        | Reached skill level 5 in Evocations
   505 | D        | Killed a wandering mushroom
   506 | D        | Reached skill level 17 in Stealth
   506 | D        | Reached XP level 7. HP: 32/38 MP: 5/8
   527 | D        | Bought the ring "Qelyubau" {Fire rPois Str+7 Int-4} for 510
                  | gold pieces
   736 | D        | Killed from afar by a burning bush

Illustrated notes

Levels and vault maps discovered:
D:        dungeon_sprint_fedhas [sprint_temple]

Skill      XL: |  1  2  3  4  5  6  7 |
---------------+----------------------+-----
Dodging        | 2 3 4 5 7 |  7.3
Stealth        | 8 10 12 13 15 17 | 17.8
Fighting       | 2 3 4 |  4.6
Short Blades   | 3 4 |  4.8
Evocations     | 1 3 5 6 |  6.1
Throwing       | 3 4 |  4.7
Shields        | 2 |  2.7

Action                   |  1- 3 |  4- 6 |  7- 9 || total
-------------------------+-------+-------+-------++-------
Melee: Dagger            |     6 |    10 |   108 ||   124
Throw: Dart              |       |    13 |       ||    13
 Abil: Evoke Invisibilit |       |     3 |     1 ||     4
  Use: Potion            |     1 |       |     1 ||     2
 Stab: Sleeping          |     2 |     3 |     1 ||     6
       Invisible         |       |     1 |       ||     1
Dodge: Dodged            |     1 |    14 |    10 ||    25
Block: Buckler           |       |       |     4 ||     4
